 Dungeon Crawl Stone Soup version 0.21.1-1-g345015f (webtiles) character file.

639 KisMax48 the Shield-Bearer (level 7, -7/60 HPs)
             Began as a Minotaur Fighter on May 5, 2018.
             Killed from afar by an orc wizard (8 damage)
             ... with a magic dart
             ... on level 4 of the Dungeon.
             The game lasted 00:20:29 (3433 turns).

KisMax48 the Shield-Bearer (Minotaur Fighter)       Turns: 3433, Time: 00:20:30

Health: -7/60      AC: 12    Str: 21    XL:     7   Next: 25%
Magic:  6/6        EV:  4    Int:  5    God:
Gold:   123        SH: 10    Dex: 11    Spells: 6/6 levels left

rFire    . . .     SeeInvis .   a - +0 long sword
rCold    . . .     Gourm    .   c - +0 shield
rNeg     . . .     Faith    .   k - +0 plate armour
rPois    .         Spirit   .   (helmet restricted)
rElec    .         Reflect  .   (no cloak)
rCorr    .         Harm     .   (no gloves)
MR       .....                  (no boots)
Stlth    ..........             (no amulet)
HPRegen  0.20/turn              (no ring)
MPRegen  0.10/turn              (no ring)

@: no status effects
A: retaliatory headbutt, horns 2
a: no special abilities


You were on level 4 of the Dungeon.
You were not hungry.

You visited 1 branch of the dungeon, and saw 4 of its levels.

You collected 123 gold pieces.

Inventory:

Hand Weapons
 a - a +0 long sword (weapon)
Missiles
 e - 10 tomahawks (quivered)
Armour
 b - a +0 scale mail
 c - a +0 shield (worn)
 k - a +0 plate armour (worn)
Jewellery
 j - a +5 ring of intelligence {unknown}
 t - a cursed -3 ring of protection {unknown}
Scrolls
 m - a scroll of amnesia {unknown}
 q - 3 scrolls of enchant weapon {unknown}
 s - a scroll of enchant armour {unknown}
Potions
 d - a potion of might
 g - 2 potions of flight {unknown}
 h - 2 potions of heal wounds {unknown}
 i - 2 potions of haste
 l - a potion of invisibility {unknown}
 n - a potion of mutation
 o - a potion of degeneration {unknown}
 p - a potion of cancellation {unknown}
 r - a potion of curing {unknown}
Comestibles
 f - 4 rations


   Skills:
 + Level 4.8 Fighting
 + Level 5.9 Long Blades
 + Level 6.0 Armour
 + Level 0.2 Dodging
 + Level 0.1 Stealth
 + Level 6.3 Shields


You had 6 spell levels left.
You didn't know any spells.

Dungeon Overview and Level Annotations

Branches:
Dungeon (4/15)
 Temple: D:4-7

Altars:
Ashenzari
Dithmenos
Elyvilon
Qazlal
Yredelemnul


Innate Abilities, Weirdness & Mutations

You reflexively headbutt those who attack you in melee.
You have a pair of horns on your head.


Message History

The orc wizard is heavily wounded.
You block the orc wizard's attack.
You barely miss the orc wizard.
The orc wizard is heavily wounded.
The orc wizard casts a spell at you. The magic dart hits you!
* * * LOW HITPOINT WARNING * * *
The orc wizard casts a spell at you. The magic dart hits you!
* * * LOW HITPOINT WARNING * * *
An orc wizard is nearby!
You hit the orc wizard.
You headbutt the orc wizard, but do no damage.
The orc wizard is heavily wounded.
The orc wizard gestures at you while chanting.
The magic dart hits you!
* * * LOW HITPOINT WARNING * * *
The orc wizard casts a spell at you. The magic dart hits you!
You die...

##+## ##...## #
##.....## #####.##
##.......## #.<.....
###.........####.o.#.#
..'.........'.)[@....#
###.........####...#.#
##.......## #..#..#
##.....## #.## ##
##...## #.. ##+## ###


You could see an orc wizard.

Vanquished Creatures
  The ghost of bmj180 the Slasher, a novice HaFi (D:4)
  An orc priest (D:4)
  An iguana (D:4)
  3 worker ants (D:4)
  6 adders
  A dart slug (D:1)
  3 leopard geckos
  7 orcs
  7 giant cockroaches
  9 goblins
  7 hobgoblins
  6 jackals
  9 kobolds
  3 quokkas
  8 bats
  4 frilled lizards
  16 rats
92 creatures vanquished.

Notes
Turn   | Place    | Note
-------+----------+-------------------------------------------
     0 | D:1      | KisMax48 the Minotaur Fighter began the quest for the Orb.
     0 | D:1      | Reached XP level 1. HP: 19/19 MP: 0/0
   247 | D:1      | Reached XP level 2. HP: 27/27 MP: 1/1
   716 | D:1      | Reached XP level 3. HP: 33/33 MP: 2/2
  1607 | D:2      | Reached XP level 4. HP: 34/40 MP: 3/3
  2110 | D:3      | Found a basalt altar of Yredelemnul.
  2827 | D:4      | Reached skill level 5 in Armour
  2827 | D:4      | Reached XP level 5. HP: 45/46 MP: 4/4
  3088 | D:4      | Reached skill level 5 in Shields
  3119 | D:4      | Noticed bmj180's ghost (novice HaFi)
  3131 | D:4      | Killed bmj180's ghost
  3131 | D:4      | Reached skill level 5 in Long Blades
  3131 | D:4      | Reached XP level 6. HP: 22/53 MP: 5/5
  3131 | D:4      | Reached XP level 7. HP: 25/60 MP: 6/6
  3301 | D:4      | Found a white marble altar of Elyvilon.
  3310 | D:4      | Found a stormy altar of Qazlal.
  3311 | D:4      | Found a shadowy altar of Dithmenos.
  3313 | D:4      | Found a shattered altar of Ashenzari.
  3433 | D:4      | HP: 1/60 [orc wizard/magic dart (5)]
  3433 | D:4      | Killed from afar by an orc wizard

Skill      XL: |  1  2  3  4  5  6  7 |
---------------+----------------------+-----
Fighting       | 4 |  4.8
Armour         | 4 5 6 |  6.0
Shields        | 4 6 |  6.3
Long Blades    | 3 4 5 |  5.9
Dodging        | |  0.2
Stealth        | |  0.1

Action                   |  1- 3 |  4- 6 |  7- 9 || total
-------------------------+-------+-------+-------++-------
Melee: Long sword        |   132 |   129 |    38 ||   299
       Headbutt          |    21 |    17 |     4 ||    42
  Use: Scroll            |     4 |       |       ||     4
       Potion            |       |     1 |       ||     1
  Eat: Ration            |     3 |       |       ||     3
       Chunk             |     1 |       |       ||     1
Armor: Scale mail        |    14 |       |       ||    14
       Plate armour      |    65 |    97 |    13 ||   175
Dodge: Dodged            |    28 |    21 |     2 ||    51
Block: Shield            |    73 |    75 |    20 ||   168
       Rpst.: Long sword |     9 |     4 |       ||    13
